 Dungeon Crawl Stone Soup version 0.25.0-15-gac7dcb8919 (webtiles) character file.

Game seed: 4923098255590252138

304 Froggeryz the Twirler (level 6, 0/50 HPs)
             Began as a Minotaur Gladiator on June 28, 2020.
             Was a Follower of Makhleb.
             Slain by a hound (4 damage)
             ... on level 3 of the Dungeon.
             The game lasted 00:02:24 (3020 turns).

Froggeryz the Twirler (Minotaur Gladiator)          Turns: 3020, Time: 00:02:24

Health: 0/50       AC:  3    Str: 17 (18) XL:     6   Next: 15%
Magic:  5/5        EV: 14    Int:  3 (6)  God:    Makhleb [*.....]
Gold:   96         SH:  0    Dex: 12 (13) Spells: 5/5 levels left

rFire    . . .     SeeInvis .   a - +0 quarterstaff
rCold    . . .     Gourm    .   (shield currently unavailable)
rNeg     . . .     Faith    .   b - +0 leather armour
rPois    .         Spirit   .   c - +0 hat
rElec    .         Reflect  .   (no cloak)
rCorr    .         Harm     .   (no gloves)
MR       .....                  (no boots)
Stlth    +.........             (no amulet)
HPRegen  0.16/turn              (no ring)
MPRegen  0.09/turn              (no ring)

@: no status effects
A: retaliatory headbutt, horns 2
a: Renounce Religion


You were on level 3 of the Dungeon.
You worshipped Makhleb.
Makhleb was aware of your devotion.
You were hungry.

You visited 1 branch of the dungeon, and saw 4 of its levels.

You collected 96 gold pieces.

Inventory:

Hand Weapons
 a - a +0 quarterstaff (weapon)
Missiles
 d - 3 throwing nets (quivered)
Armour
 b - a +0 leather armour (worn)
 c - a +0 hat (worn)
Jewellery
 h - a cursed ring of attention {unknown}
 n - a +4 ring of evasion {unknown}
 v - an uncursed ring of positive energy {unknown}
Wands
 x - a wand of enslavement (5)
Scrolls
 e - a scroll of noise {unknown}
 i - 3 scrolls of teleportation {unknown}
 j - 3 scrolls of identify {unknown}
 q - a scroll of remove curse {unknown}
 r - 2 scrolls of enchant armour {unknown}
 s - 2 scrolls of immolation {unknown}
 u - a scroll of random uselessness {unknown}
 y - 2 scrolls of fog {unknown}
Potions
 g - a potion of degeneration
 k - a potion of ambrosia {unknown}
 l - a potion of lignification {unknown}
 o - a potion of flight {unknown}
 p - a potion of berserk rage {unknown}
 t - a potion of brilliance {unknown}
 w - a potion of curing {unknown}
Comestibles
 f - 8 rations
 m - a chunk of flesh


   Skills:
 - Level 2.4 Fighting
 * Level 7.1 Staves
 - Level 2.0 Throwing
 + Level 5.1 Dodging


You had 5 spell levels left.
You didn't know any spells.
Your spell library was empty.

Dungeon Overview and Level Annotations

Branches:
Dungeon (4/15)
 Temple: D:4-7

Altars:
Elyvilon
Fedhas
Makhleb
Trog
Wu Jian


Innate Abilities, Weirdness & Mutations

You reflexively headbutt those who attack you in melee.
You have a pair of horns on your head.


Message History

You closely miss the hound. The hound bites you but does no damage.
The hound bites you.
* * * LOW HITPOINT WARNING * * *
You hit the hound.
The hound is moderately wounded.
The hound pauses to sniff the ground.
The hound bites you.
* * * LOW HITPOINT WARNING * * *
It was a potion of degeneration.
There was something very wrong with that liquid.
You feel weakened.
You feel dopey.
You feel clumsy. The hound barely misses you.
You miss the hound.
The hound is moderately wounded.
The hound closely misses you. x2; You furiously retaliate!
You headbutt the hound, but do no damage.
You hit the hound. Your headbutt misses the hound.
The hound is severely wounded.
The hound bites you.
You die...

.......# #)......###########
######.########..###.## #
#............#### #
##.#########.######### #
#.######............# #
#.................#.# ## #
########.##.####....## #. #
#.##.###......#####. ####
#..@h............... ...#
#.###.#.......#.###. ##.#
#.###.#)#....##.# #. #.#
#########.##....##.#.##(# #.
#.# #.......#....#.....#.##.#
#. #.#
#........#.#....##.#.##.# #.
##.###.......###..........##.#
#.
..............#.##....######.#
## ##.###.......#.###..(.# #.#


You could see a hound.

Vanquished Creatures
  A centaur (D:3)
  A hound (D:4)
  Jessica (D:3)
  2 worker ants (D:4)
  4 adders
  3 worms (D:3)
  2 dart slugs
  A leopard gecko (D:1)
  5 orcs (D:3)
  5 bats
  4 giant cockroaches
  8 hobgoblins
  4 jackals (D:3)
  A quokka (D:3)
  A ball python (D:2)
  9 frilled lizards
  6 goblins
  4 kobolds
  13 rats
75 creatures vanquished.

Notes
Turn   | Place    | Note
-------+----------+-------------------------------------------
     0 | D:1      | Froggeryz the Minotaur Gladiator began the quest for the
                  | Orb.
     0 | D:1      | Reached XP level 1. HP: 18/18 MP: 0/0
   110 | D:1      | Reached skill level 4 in Staves
   203 | D:1      | Reached XP level 2. HP: 25/25 MP: 1/1
   726 | D:2      | Found a burning altar of Makhleb.
   764 | D:2      | Reached XP level 3. HP: 28/30 MP: 2/2
   790 | D:2      | Became a worshipper of Makhleb the Destroyer
  1019 | D:2      | Reached skill level 5 in Staves
  1211 | D:2      | Found a faded altar of an unknown god.
  1513 | D:3      | Noticed a centaur
  1521 | D:3      | Killed a centaur
  1521 | D:3      | Reached skill level 6 in Staves
  1521 | D:3      | Reached XP level 4. HP: 29/37 MP: 3/3
  1521 | D:3      | Reached XP level 5. HP: 33/42 MP: 4/4
  1736 | D:3      | Reached * piety under Makhleb
  1758 | D:3      | Found a blossoming altar of Fedhas.
  1763 | D:3      | Found an ornate altar of the Wu Jian Council.
  1921 | D:3      | Found a white marble altar of Elyvilon.
  1935 | D:3      | Noticed Jessica
  1946 | D:3      | Killed Jessica
  2238 | D:3      | Noticed a moth of wrath
  2241 | D:3      | Found a bloodstained altar of Trog.
  2578 | D:4      | Reached skill level 7 in Staves
  2578 | D:4      | Reached skill level 5 in Dodging
  2578 | D:4      | Reached XP level 6. HP: 27/50 MP: 5/5
  3020 | D:3      | Slain by a hound

Illustrated notes

Levels and vault maps discovered:
D:1:      noname_arrival_rooms_in_the_neighbourhood, layout_basic,
          kennysheep_boxes
D:2:      layout_basic, bloody_makhleb, first_ration,
          chequers_ecumenical_altar_simple
D:3:      layout_loops_ring, tgw_trog, grunt_temple_overflow_open,
          elyvilon_altar_3, uniq_jessica
D:4:      layout_loops_ring, kennysheep_orc_chapel, uniq_pikel

Skill      XL: |  1  2  3  4  5 |
---------------+----------------+-----
Staves         | 4 6 7 |  7.1
Dodging        | 4 5 |  5.1
Fighting       | |  2.4
Throwing       | |  2.0

Action                   |  1- 3 |  4- 6 || total
-------------------------+-------+-------++-------
Melee: Quarterstaff      |    71 |    91 ||   162
       Headbutt          |    14 |    12 ||    26
  Use: Potion            |       |     1 ||     1
  Eat: Chunk             |     2 |     4 ||     6
Armor: Leather armour    |    26 |    16 ||    42
Dodge: Dodged            |    42 |    71 ||   113
